 Dungeon Crawl Stone Soup version 0.27-a0-652-g2d5cf1dcd3 (webtiles) character file.

Game seed: 10769280429832231977

674 Gaff the Skirmisher (level 7, -2/76 HPs)
             Began as an Ogre Warper on Mar 16, 2021.
             Was an Initiate of Gozag.
             Slain by an ice beast (13 damage)
             ... on level 5 of the Dungeon.
             The game lasted 00:15:39 (7727 turns).

Gaff the Skirmisher (Ogre Warper)                   Turns: 7727, Time: 00:15:41

Health: -2/76      AC:  4    Str: 18    XL:     7   Next: 59%
Magic:  10/10      EV: 10    Int: 14    God:    Gozag
Gold:   677        SH:  0    Dex:  8    Spells: 8/10 levels left

rFire    . . .     SeeInvis .   f - +2 spear (freeze)
rCold    . . .     Faith    .   (no shield)
rNeg     + . .     Spirit   .   b - +1 robe
rPois    .         Reflect  .   (helmet restricted)
rElec    .         Harm     .   (no cloak)
rCorr    .         Rampage  .   (gloves unavailable)
Will     .....                  (boots unavailable)
Stlth    +.........             q - amulet of the acrobat
HPRegen  0.22/turn              d - ring of positive energy
MPRegen  0.12/turn              (no ring)

@: confused, ambrosia-drunk
A: large, unfitting armour, tough skin 1
a: Renounce Religion, Potion Petition, Call Merchant, Bribe Branch


You were on level 5 of the Dungeon.
You worshipped Gozag.
Gozag was pleased with you.
You visited 1 branch of the dungeon, and saw 5 of its levels.

You collected 707 gold pieces.
You paid 30 gold pieces to Gozag.

Inventory:

Hand Weapons
 a - a +0 mace
 f - a +2 spear of freezing (weapon)
 k - a +1 dagger of protection
Missiles
 e - 9 boomerangs of dispersal (quivered)
 t - 3 javelins
 v - 3 boomerangs
Armour
 b - a +1 robe (worn)
Jewellery
 d - a ring of positive energy (right hand)
 q - an amulet of the acrobat (around neck)
Scrolls
 c - 2 scrolls of enchant armour
 i - 6 scrolls of identify {unknown}
 j - a scroll of teleportation
 p - 2 scrolls of amnesia {unknown}
 u - a scroll of noise {unknown}
Potions
 g - 2 potions of brilliance
 h - 2 potions of heal wounds {unknown}
 l - a potion of flight {unknown}
 m - 2 potions of attraction {unknown}
 n - 4 potions of mutation {unknown}
 o - 2 potions of might {unknown}
 r - a potion of ambrosia
 s - 4 potions of curing {unknown}


   Skills:
 + Level 6.6 Fighting
 - Level 2.7 Maces & Flails
 + Level 3.7 Polearms
 - Level 1.0 Throwing
 + Level 4.6 Dodging
 - Level 2.4 Spellcasting
 - Level 2.6 Translocations


You had 8 spell levels left.
You knew the following spells:

 Your Spells              Type           Power      Damage    Failure   Level
a - Blink                 Tloc           N/A        N/A       12%         2

Your spell library contained the following spells:

 Spells                   Type           Power      Damage    Failure   Level
 Magic Dart               Conj           4%         1d3       22%         1
 Gell's Gravitas          Tloc           4%         N/A       22%         3
 Lesser Beckoning         Tloc           4%         N/A       22%         3
 Teleport Other           Tloc           9%         N/A       22%         3
 Call Imp                 Summ           1%         N/A       34%         2
 Slow                     Hex            1%         N/A       34%         2
 Conjure Flame            Conj/Fire      1%         6-21      56%         3
 Mephitic Cloud           Conj/Pois/Air  1%         N/A       56%         3
 Summon Guardian Golem    Hex/Summ       1%         N/A       56%         3
 Manifold Assault         Tloc           9%         N/A       58%         4
 Irradiate                Conj/Tmut      0%         3d13      99%         5
 Summon Mana Viper        Hex/Summ       1%         N/A       99%         5
 Summon Hydra             Summ           0%         N/A       100%        7


Dungeon Overview and Level Annotations

Branches:
Dungeon (5/15)
 Temple: D:4-7

Altars:
Gozag

Annotations:
D:5 Pikel


Innate Abilities, Weirdness & Mutations

You are too large for most types of armour.
You have tough skin. (AC +1)


Message History

The lemure hits you but does no damage.
Pikel zaps a wand.
Your will is overpowered!
You are confused.
You're too confused to cast spells.
Okay, then.
Pikel says, "Time is money, and you're costing me too much!"
You bump into the rock wall.
Pikel zaps a wand.
Your will is overpowered!
You are more confused.
You're too confused to move!
Pikel zaps a wand.
Your will is overpowered!
You are more confused.
The now-empty wand crumbles to dust.
You bump into the rock wall.
The ice beast hits you but does no damage.
Pikel misses you. The lemure closely misses you.
The ice beast barely misses you.
You barely miss the ice beast.
The ice beast is heavily wounded.
The ice beast barely misses you.
Pikel hits you with a +1 whip of freezing!
* * * LOW HITPOINT WARNING * * *
Pikel freezes you.
* * * LOW HITPOINT WARNING * * *
You are too confused!
Unknown command.
Okay, then.
You are too confused!
Unknown command.
You are more confused.
You feel invigorated.
The ice beast hits you but does no damage.
Pikel hits you with a +1 whip of freezing.
* * * LOW HITPOINT WARNING * * *
Pikel freezes you.
* * * LOW HITPOINT WARNING * * *
You miss the ice beast.
The ice beast is heavily wounded.
The ice beast hits you.
* * * LOW HITPOINT WARNING * * *
The ice beast freezes you!
You die...
Your body crumbles into a pile of gold.

##############
.............#####
####.#...........#
#.#..####.###.#
#.#.[.<.#.###@#
#.....#....5KY#
#.#.....#<##55#
#..(....5.....#
#.#.##.##.#...# .#
#.....Y...#...#K..5
#...##.Y........#
###.##.#..>$..#.#
..##.#.##..#..#


You could see Pikel, an ice beast and 3 lemures.

Vanquished Creatures
  Sigmund (D:2)
  A scorpion (D:3)
  3 orc priests (D:4)
  Jessica (D:3)
  2 worker ants (D:4)
  2 orc wizards
  Terence (D:3)
  A hound skeleton (D:4)
  Robin (D:2)
  4 adders
  4 oozes
  An adder skeleton (D:4)
  3 worms
  4 dart slugs
  4 leopard geckos
  14 orcs
  3 ball pythons
  4 giant cockroaches
  21 goblins
  11 hobgoblins
  6 jackals (D:3)
  10 kobolds
  2 quokkas
  A ball python skeleton (D:4)
  7 bats
  9 frilled lizards
  A quokka skeleton (D:4)
  11 rats
133 creatures vanquished.

Notes
Turn   | Place    | Note
-------+----------+-------------------------------------------
     0 | D:1      | Gaff the Ogre Warper began the quest for the Orb.
     0 | D:1      | Reached XP level 1. HP: 22/22 MP: 3/3
    66 | D:1      | Reached skill level 3 in Fighting
    66 | D:1      | Reached XP level 2. HP: 31/31 MP: 5/5
   557 | D:1      | Reached XP level 3. HP: 16/37 MP: 6/6
  2074 | D:2      | Reached XP level 4. HP: 48/48 MP: 7/7
  2095 | D:2      | Reached skill level 4 in Fighting
  2284 | D:2      | Noticed Robin
  2605 | D:2      | Found an opulent altar of Gozag.
  2611 | D:2      | Became a worshipper of Gozag Ym Sagoz the Greedy
  2741 | D:2      | Killed Robin
  3236 | D:2      | Noticed Sigmund
  3405 | D:3      | Reached skill level 1 in Polearms
  3413 | D:3      | Reached XP level 5. HP: 50/54 MP: 8/8
  3573 | D:3      | Learned a level 2 spell: Blink
  3693 | D:3      | Noticed Jessica
  3714 | D:3      | Killed Jessica
  3715 | D:3      | Reached skill level 5 in Fighting
  3791 | D:3      | Noticed Terence
  3806 | D:3      | Killed Terence
  3807 | D:3      | Reached XP level 6. HP: 37/66 MP: 9/9
  5018 | D:2      | Killed Sigmund
  5449 | D:4      | Reached XP level 7. HP: 66/74 MP: 10/10
  5524 | D:4      | Reached skill level 6 in Fighting
  6873 | D:4      | Identified Paurchem's Guide on Supportive Shape Shifting
  6958 | D:5      | Entered Level 5 of the Dungeon
  7660 | D:5      | Noticed Pikel
  7727 | D:5      | Slain by an ice beast

Illustrated notes

Levels and vault maps discovered:
D:1:      zaba_arrival_water, layout_loops_cross, serial_glass, glass_columns_a,
          glass_columns_b, hangedman_feature_mirror
D:2:      layout_loops_corners, grunt_gozag_statues, uniq_robin, uniq_sigmund
D:3:      layout_basic, gup_sewer_entry_bowl, uniq_terence, uniq_jessica
D:4:      layout_basic, columned_hall_lemuel, minmay_checkerbox
D:5:      layout_loops_ring, nicolae_overflow_hidden_temple,
          ebering_dispersal_statue_hall, chequers_arboretum, grunt_ministairs_3,
          makhleb_heckhound_becter, uniq_pikel

Skill      XL: |  1  2  3  4  5  6  7 |
---------------+----------------------+-----
Fighting       | 3 4 5 6 |  6.6
Maces & Flails | 2 |  2.7
Dodging        | 3 4 |  4.6
Polearms       | 1 2 3 |  3.7
Throwing       | |  1.0
Spellcasting   | |  2.4
Translocations | |  2.6

Action                   |  1- 3 |  4- 6 |  7- 9 || total
-------------------------+-------+-------+-------++-------
Melee: Mace              |    66 |       |       ||    66
       Spear             |    72 |   221 |   165 ||   458
Throw: Boomerang         |       |     1 |       ||     1
 Cast: Blink             |       |       |     2 ||     2
  Use: Scroll            |       |     3 |       ||     3
       Potion            |       |     2 |     1 ||     3
 Stab: Sleeping          |       |     1 |       ||     1
Armor: Robe              |    37 |    59 |    35 ||   131
Dodge: Dodged            |    82 |   123 |    74 ||   279

Table legend: (Time is in decaauts)
 A = Elapsed time spent in this place.
 B = Non-inter-level travel time spent in this place.
 C = Inter-level travel time spent in this place.
 D = Time resting spent in this place.
 E = Time spent auto-exploring this place.
 F = Levels seen in this place.
 G = Mean time per level.
                   A        B        C        D        E       F      G
               +--------+--------+--------+--------+--------+-----+--------+
         Total |   7773 |   7262 |    511 |   2743 |   2464 |   5 | 1554.6 |
       Dungeon |   7773 |   7262 |    511 |   2743 |   2464 |   5 | 1554.6 |
               +--------+--------+--------+--------+--------+-----+--------+

Top non-repeatable levels by time:
     D:1: 2189 daAuts
     D:4: 2048 daAuts
     D:2: 1780 daAuts
     D:3: 1570 daAuts
     D:5: 184 daAuts
